 Dungeon Crawl Stone Soup version 0.25-a0-177-gd145f35b4e (webtiles) character file.

Game seed: 14365193995553178447, levelgen mode: deterministic

163 KarmaPolice the Sneak (level 5, -2/28 HPs)
             Began as a Vine Stalker Assassin on Nov 25, 2019.
             Slain by a hobgoblin
             ... wielding a +0 club
              (3 damage)
             ... on level 3 of the Dungeon on Nov 26, 2019.
             The game lasted 00:09:38 (2632 turns).

KarmaPolice the Sneak (Vine Stalker Assassin)       Turns: 2632, Time: 00:09:40

Health: -2/28      AC:  3    Str: 15    XL:     5   Next: 44%
Magic:  0/6        EV: 11    Int: 11    God:
Gold:   190        SH:  0    Dex: 15    Spells: 4/4 levels left

rFire    . . .     SeeInvis .   k - +0 short sword (drain)
rCold    . . .     Gourm    .   (no shield)
rNeg     . . .     Faith    .   b - +0 robe
rPois    .         Spirit   +   (no helmet)
rElec    .         Reflect  .   w - +0 cloak
rCorr    .         Harm     .   (no gloves)
MR       .....                  (no boots)
Stlth    +++.......             (no amulet)
HPRegen  0.49/turn              (no ring)
MPRegen  0.10/turn              (no ring)

@: no status effects
A: fangs 2, regeneration 1, magic shield, antimagic bite, no potion heal 3, rot
immunity
a: no special abilities


You were on level 3 of the Dungeon.
You were not hungry.

You visited 1 branch of the dungeon, and saw 3 of its levels.

You collected 190 gold pieces.

Inventory:

Hand Weapons
 a - a +2 dagger
 k - a +0 short sword of draining (weapon)
Missiles
 d - 8 poisoned darts (quivered)
 e - 2 curare-tipped darts
Armour
 b - a +0 robe (worn)
 t - a cursed +1 ring mail
 w - a +0 cloak (worn)
Jewellery
 h - an uncursed ring of magical power {unknown}
 y - an uncursed amulet of faith
Wands
 u - a wand of digging (7)
Scrolls
 g - a scroll of immolation
 i - a scroll of blinking
 m - a scroll of noise {unknown}
 n - a scroll of magic mapping {unknown}
 q - 2 scrolls of identify
Potions
 c - a potion of might {unknown}
 j - 2 potions of heal wounds {unknown}
 o - a potion of lignification {unknown}
 p - a potion of curing
 r - a potion of brilliance {unknown}
 v - a potion of magic {unknown}
Comestibles
 f - 6 rations
 s - 3 chunks of flesh


   Skills:
 + Level 3.0 Fighting
 - Level 2.0 Short Blades
 + Level 3.1 Throwing
 - Level 0.7 Dodging
 + Level 6.1 Stealth
 + Level 0.6 Evocations


You had 4 spell levels left.
You didn't know any spells.
Your spell library was empty.

Dungeon Overview and Level Annotations

Branches:
Dungeon (3/15)

Altars:
Gozag
The Shining One

Annotations:
D:2 , 2 transporters
D:3 Ijyb


Innate Abilities, Weirdness & Mutations

You have extremely sharp teeth.
Your natural rate of healing is unusually fast.
When hurt, damage is shared between your health and your magic reserves.
Your bite disrupts and absorbs the magic of your enemies.
Potions cannot restore your health.
You are immune to rotting.


Message History

It is a scroll of enchant armour.
Your runed ring mail glows green for a moment.
The orc wizard hits you but does no damage.
The hobgoblin closely misses you.
The gnoll hits you from afar with a cursed -2 spear.
As you read the scroll of identify, it crumbles to dust.
i - a scroll of blinking The orc wizard hits you with a +0 dagger.
The hobgoblin misses you. The gnoll barely misses you.
The orc wizard hits you but does no damage.
As you read the scroll labeled IMNUOC WUNYNE, it crumbles to dust.
It is a scroll of amnesia.
You feel forgetful for a moment.
The orc wizard gestures at you while chanting.
The puff of frost hits you!
* * * LOW HITPOINT WARNING * * *
The gnoll hits you from afar with a cursed -2 spear.
* * * LOW HITPOINT WARNING * * *
The hobgoblin hits you with a +0 club.
You die...

.# #.#...#.# #.......## .#
#.).<...# ###........# .#
###.<.#####.#..#...#.# .#
#...####g#°..###o#.# .#
#...##.§###......#o#
########...#.#§.#........o#
##........o.###.g##.##g.#.#
...........##
##o##.....g...
.#....#####.# #g@#
.###.#.#.. .####.# #.#.###
. .g. .... .# #.# #.# # ###
### .# #.# #.# .# #.# # #
.# #.# .# #.# ## ..


You could see an orc wizard, a gnoll and a hobgoblin.

Vanquished Creatures
  A hound (D:3)
  Crazy Yiuf (D:2)
  Jessica (D:2)
  A gnoll (D:3)
  An adder (D:2)
  A worm (D:2)
  A leopard gecko (D:2)
  5 orcs
  5 bats
  A giant cockroach (D:2)
  7 hobgoblins
  2 jackals (D:1)
  2 quokkas
  2 ball pythons
  7 frilled lizards
  7 goblins
  5 kobolds
  5 rats
55 creatures vanquished.

Notes
Turn   | Place    | Note
-------+----------+-------------------------------------------
     0 | D:1      | KarmaPolice the Vine Stalker Assassin began the quest for
                  | the Orb.
     0 | D:1      | Reached XP level 1. HP: 11/11 MP: 2/2
   299 | D:1      | Reached skill level 5 in Stealth
   299 | D:1      | Reached XP level 2. HP: 15/15 MP: 3/3
  1047 | D:2      | Reached XP level 3. HP: 18/18 MP: 4/4
  1514 | D:2      | Found a runed translucent door.
  1515 | D:2      | Noticed Crazy Yiuf
  1840 | D:2      | Noticed Jessica
  1846 | D:2      | Killed Jessica
  1846 | D:2      | Gained mutation: Your natural rate of healing is unusually
                  | fast. [Vine Stalker growth]
  1846 | D:2      | Reached XP level 4. HP: 23/23 MP: 5/5
  1886 | D:2      | Found a glowing golden altar of the Shining One.
  1886 | D:2      | Noticed a bullfrog
  1893 | D:2      | Found a transporter.
  1901 | D:2      | Found a transporter.
  2067 | D:2      | Killed Crazy Yiuf
  2175 | D:3      | Found an opulent altar of Gozag.
  2271 | D:3      | Reached XP level 5. HP: 28/28 MP: 6/6
  2292 | D:3      | Noticed Ijyb
  2369 | D:2      | Upgraded the game from 0.25-a0-167-g836c352ace to
                  | 0.25-a0-177-gd145f35b4e
  2461 | D:3      | Reached skill level 6 in Stealth
  2632 | D:3      | HP: 1/28 [gnoll/cursed -2 spear (1)]
  2632 | D:3      | Slain by a hobgoblin

Levels and vault maps discovered:
D:1:      minmay_arrival_diagonal_passages, layout_rooms
D:2:      layout_basic, gammafunk_temple_overflow_arena,
          minmay_fractal_squares_gapless_5, uniq_jessica,
          uniq_crazy_yiuf_cottage
D:3:      layout_loops_cross, grunt_gozag_breadcrumbs, uniq_robin, uniq_ijyb

Skill      XL: |  1  2  3  4  5 |
---------------+----------------+-----
Stealth        | 5 6 |  6.1
Fighting       | 2 3 |  3.0
Throwing       | 2 3 |  3.1
Short Blades   | 2 |  2.0
Dodging        | |  0.7
Evocations     | |  0.6

Action                   |  1- 3 |  4- 6 || total
-------------------------+-------+-------++-------
Melee: Dagger            |    24 |       ||    24
       Bite              |    22 |    13 ||    35
       Short sword       |    70 |    63 ||   133
Throw: Dart              |     2 |     3 ||     5
  Use: Potion            |     1 |       ||     1
       Scroll            |       |     4 ||     4
 Stab: Sleeping          |     6 |     1 ||     7
  Eat: Chunk             |     3 |     2 ||     5
Armor: Robe              |    38 |    14 ||    52
Dodge: Dodged            |    59 |    31 ||    90

Table legend:
 A = Non-vault XP
 B = Vault XP
 C = Vault XP percentage of total XP
 D = Non-vault monster count
 E = Vault monster count
 F = Vault count percentage of total count
                 A         B        C        D         E       F
            +---------+---------+-------+---------+---------+-------
      Total |     147 |      87 |  37.2 |      47 |       8 |  14.5
            +---------+---------+-------+---------+---------+-------
        D:1 |      27 |       0 |   0.0 |      18 |       0 |   0.0
        D:2 |      42 |      87 |  67.4 |      17 |       8 |  32.0
        D:3 |      78 |       0 |   0.0 |      12 |       0 |   0.0
            +---------+---------+-------+---------+---------+-------
